 Dungeon Crawl Stone Soup version 0.19.4 (webtiles) character file.

6208 NicoleTheLizard the Cleaver (level 10, -1/100 HPs)
             Began as a Minotaur Berserker on Feb 4, 2017.
             Was a High Priest of Trog.
             Splashed by an oklob plant's acid (15 damage)
             ... on level 10 of the Dungeon.
             The game lasted 00:23:24 (7928 turns).

NicoleTheLizard the Cleaver (Minotaur Berserker)    Turns: 7928, Time: 00:23:25

Health: -1/100     AC: 16    Str: 24    XL:     10   Next: 61%
Magic:  9/9        EV:  9    Int: 12    God:    Trog [*****.]
Gold:   375        SH:  0    Dex: 10    Spells: 0 memorised, 9 levels left

rFire  + . .     SeeInvis .     a - +5 war axe
rCold  . . .     Gourm    .     A - +0 plate armour
rNeg   . . .     Faith    .     (no shield)
rPois  .         Spirit   .     (helmet restricted)
rElec  .         Reflect  .     i - +1 cloak
rCorr  .         Harm     .     n - +1 pair of gloves
MR     +++..                    t - +0 pair of boots
Stlth  ..........               (no amulet)
                                I - +5 ring of intelligence
                                C - ring of protection from magic

@: exhausted, corroded, regenerating, slowed, very slow
A: retaliatory headbutt, beak, horns 2, blink, clever 1, clumsy 1, fire
resistance 1, robust 1, strong 1, wild magic 1
a: Blink, Berserk, Trog's Hand, Brothers in Arms, Burn Spellbooks, Renounce
Religion


You were on level 10 of the Dungeon.
You worshipped Trog.
Trog was extremely pleased with you.
You were hungry.

You visited 1 branch of the dungeon, and saw 10 of its levels.

You collected 502 gold pieces.
You spent 127 gold pieces at shops.

Inventory:

Hand Weapons
 a - a +5 war axe (weapon)
 b - the +3 trident of the Boiling Point {antimagic, rC+ Int+4}
   (You found it on level 8 of the Dungeon)

   It reduces the magical energy of the wielder, and disrupts the spells and
   magical abilities of those hit.
   Natural abilities and divine invocations are not affected.
   It affects your intelligence (+4).
   It protects you from cold.
Missiles
 e - 51 bolts
 m - 150 arrows
 x - 20 sling bullets
 E - 344 stones (quivered)
Armour
 i - a +1 cloak (worn)
 n - a +1 pair of gloves (worn)
 t - a +0 pair of boots (worn)
 A - a +0 plate armour (worn)
Rods
 o - a +0 rod of inaccuracy (14/14)
   (You found it on level 5 of the Dungeon)
Jewellery
 C - a ring of protection from magic (left hand)
 I - a +5 ring of intelligence (right hand)
Wands
 h - a wand of lightning (4/15)
 v - a wand of iceblast (4/15)
 y - a wand of lightning (11/15)
 F - a wand of digging (13/24)
 G - a wand of random effects (31/48)
Scrolls
 k - 5 scrolls of fog
 l - 8 scrolls of teleportation
 u - a scroll of remove curse
 H - a scroll of blinking
 J - a scroll of magic mapping
Potions
 d - a potion of magic
 g - 2 potions of cure mutation
 j - 4 potions of curing
 s - a potion of flight
 w - a potion of agility
 z - a potion of brilliance
 B - a potion of might
 N - a potion of resistance
Comestibles
 c - 11 bread rations
 f - 4 meat rations
 p - 4 fruits
 r - 2 chunks of flesh
 L - 2 beef jerkies
 M - 7 slices of pizza


   Skills:
 + Level 9.1 Fighting
 + Level 13.4 Axes
 + Level 0.8(8.9) Polearms
 + Level 10.0 Armour
 + Level 5.0 Dodging


You had 9 spell levels left.
You didn't know any spells.

Dungeon Overview and Level Annotations

Branches:
Dungeon (10/15)            Temple (0/1) D:5            Lair (0/6) D:10
    Orc: D:9-12

Altars:
Gozag
Qazlal
Sif Muna
Trog
Uskayaw
Vehumet

Shops:
D:5 *

Annotations:
D:10 exclusion: oklob plant


Innate Abilities, Weirdness & Mutations

You reflexively headbutt those who attack you in melee.
You have a pair of horns on your head.
You have a beak for a mouth.
You can translocate small distances at will.
Your mind is acute. (Int +2)
You are clumsy. (Dex -2)
Your flesh is heat resistant. (rF+)
You are robust. (+10% HP)
Your muscles are strong. (Str +2)
Your spells are a little harder to cast, but a little more powerful.


Message History

You slash the oklob plant!
You headbutt the oklob plant, but do no damage.
The oklob plant is heavily damaged.
You slash the plant! You hit the plant but do no damage.
The oklob plant spits acid at you. The splash of acid hits you!
* * * LOW HITPOINT WARNING * * *
The acid corrodes you!
You are splashed with acid!
The acid burns!
* * * LOW HITPOINT WARNING * * *
Your skin crawls.
You feel resistant to hostile enchantments.
You are feeling hungry.
You hit the oklob plant.
The oklob plant is heavily damaged.
You slash the plant! You hit the plant. The oklob plant spits acid at you.
The splash of acid hits you!
* * * LOW HITPOINT WARNING * * *
You are splashed with acid!
The acid burns!
You die...

#.## #... ######....
#...# ......#..# ....
#...#....#
...##P.P##...#
#$..PPP...#.##
#..PP>P...#..# ####
#..@PPP...#.)# #...
#....##.P.##..).####...
#.....#...#.).).'..#...
.... #.......#..)##.'...
##....#######....####..<
#### ........# #...
........# #...
#........# #...
#........# ####


You could see an oklob plant.

Vanquished Creatures
  Erolcha (D:10)
  An unseen horror (D:9)
  A gargoyle (D:10)
  A troll (D:9)
  A hippogriff (D:10)
  A human (D:9)
  4 hogs (D:9)
  The ghost of luab the Charmwright, an amateur DsSk of Dithmenos (D:3)
  Duvessa (D:5)
  2 orc warriors
  A sky beast (D:4)
  A black bear (D:7)
  An ice beast (D:9)
  A phantom (D:5)
  4 ogres
  2 centaurs
  2 big kobolds
  5 bullfrogs
  A gnoll sergeant (D:4)
  4 scorpions
  Dowan (D:5)
  7 killer bees
  6 wights (D:8)
  3 howler monkeys
  2 crimson imps
  3 jellies
  A bullfrog zombie (D:5)
  2 hounds
  An orc priest (D:9)
  3 bullfrog skeletons
  3 orc wizards
  3 centaur skeletons
  4 worker ants
  Robin (D:4)
  11 adders
  9 gnolls
  A shadow imp (D:6)
  An ooze (D:2)
  A worm (D:3)
  3 dart slugs
  5 leopard geckos
  19 orcs
  4 bats
  5 giant cockroaches
  6 hobgoblins
  3 jackals (D:1)
  5 quokkas
  5 frilled lizards
  22 goblins
  A jackal skeleton (D:4)
  15 kobolds
  A leopard gecko skeleton (D:5)
  8 rats
201 creatures vanquished.

Vanquished Creatures (others)
  A wizard (D:3)
  An orc (D:10)
  A plant (D:10)
3 creatures vanquished.

Grand Total: 204 creatures vanquished

Notes
Turn   | Place    | Note
-------+----------+-------------------------------------------
     0 | D:1      | NicoleTheLizard the Minotaur Berserker began the quest for the Orb.
     0 | D:1      | Reached XP level 1. HP: 19/19 MP: 0/0
   342 | D:1      | Reached XP level 2. HP: 25/27 MP: 1/1
   836 | D:2      | Reached skill level 4 in Axes
   856 | D:2      | Gained mutation: You can translocate small distances at will. [potion of mutation]
   856 | D:2      | Gained mutation: You are clumsy. (Dex -2) [potion of mutation]
   856 | D:2      | Gained mutation: Your spells are a little harder to cast, but a little more powerful. [potion of mutation]
   857 | D:2      | Gained mutation: Your mind is acute. (Int +2) [potion of beneficial mutation]
   929 | D:2      | Reached XP level 3. HP: 24/33 MP: 2/2
  1019 | D:2      | Reached ** piety under Trog
  1515 | D:2      | Found an opulent altar of Gozag.
  1558 | D:3      | Reached XP level 4. HP: 41/41 MP: 3/3
  1571 | D:3      | Found a hide-covered altar of Uskayaw.
  1655 | D:3      | Noticed a big kobold
  1670 | D:3      | Killed a big kobold
  1670 | D:3      | Reached skill level 5 in Fighting
  1670 | D:3      | Reached skill level 5 in Axes
  1670 | D:3      | Reached XP level 5. HP: 27/48 MP: 4/4
  1815 | D:3      | Noticed luab's ghost (amateur DsSk)
  1822 | D:3      | Killed luab's ghost
  1822 | D:3      | Reached XP level 6. HP: 41/56 MP: 5/5
  1962 | D:3      | Found a radiant altar of Vehumet.
  2015 | D:3      | Reached *** piety under Trog
  2165 | D:3      | Found a bloodstained altar of Trog.
  2166 | D:3      | Noticed a wizard
  2173 | D:3      | Killed a wizard
  2389 | D:4      | Reached skill level 6 in Axes
  2812 | D:4      | Noticed Robin
  2828 | D:4      | Killed Robin
  2885 | D:4      | Noticed a sky beast
  2891 | D:4      | Killed a sky beast
  2992 | D:4      | Reached XP level 7. HP: 61/61 MP: 6/6
  2996 | D:4      | Reached skill level 7 in Axes
  2997 | D:4      | Reached skill level 5 in Armour
  3062 | D:5      | Entered Level 5 of the Dungeon
  3211 | D:5      | Found Nackysol's Assorted Antiques.
  3224 | D:5      | Noticed Dowan
  3225 | D:5      | Noticed Duvessa
  3234 | D:5      | Killed Dowan
  3237 | D:5      | Killed Duvessa
  3246 | D:5      | Bought a scroll of enchant weapon for 127 gold pieces
  3327 | D:5      | You fall through a shaft for 3 floors!
  3333 | D:8      | Reached skill level 8 in Axes
  3337 | D:8      | Reached XP level 8. HP: 70/70 MP: 7/7
  3359 | D:8      | Reached skill level 9 in Axes
  3361 | D:8      | Reached **** piety under Trog
  3771 | D:8      | Reached skill level 10 in Axes
  3996 | D:7      | Reached XP level 9. HP: 78/78 MP: 8/8
  4008 | D:7      | Gained mutation: You have a beak for a mouth. [potion of beneficial mutation]
  4309 | D:5      | Found a deep blue altar of Sif Muna.
  4568 | D:5      | Found a staircase to the Ecumenical Temple.
  4572 | D:5      | Reached skill level 11 in Axes
  6478 | D:8      | Got a steaming trident
  6479 | D:8      | Identified the cursed +3 trident of the Boiling Point {antimagic, rC+ Int+4} (You found it on level 8 of the Dungeon)
  6586 | D:8      | Found a stormy altar of Qazlal.
  6650 | D:9      | Reached ***** piety under Trog
  7126 | D:9      | Killed an unseen horror
  7126 | D:9      | Reached skill level 12 in Axes
  7271 | D:9      | Reached XP level 10. HP: 83/88 MP: 9/9
  7312 | D:9      | Gained mutation: You are robust. (+10% HP) [potion of mutation]
  7312 | D:9      | Gained mutation: Your muscles are strong. (Str +2) [potion of mutation]
  7312 | D:9      | Gained mutation: Your flesh is heat resistant. (rF+) [potion of mutation]
  7518 | D:9      | Reached skill level 13 in Axes
  7518 | D:9      | Reached skill level 5 in Dodging
  7766 | D:10     | Entered Level 10 of the Dungeon
  7883 | D:10     | Noticed a gargoyle
  7883 | D:10     | Noticed Erolcha
  7884 | D:10     | Found a staircase to the Lair.
  7888 | D:10     | Killed a gargoyle
  7904 | D:10     | Killed Erolcha
  7904 | D:10     | Reached skill level 10 in Armour
  7918 | D:10     | Noticed an oklob plant
  7928 | D:10     | Splashed by an oklob plant's acid

Skill      XL: |  1  2  3  4  5  6  7  8  9 10 |
---------------+-------------------------------+-----
Axes           | 4 5 6 8 10 12 13 | 13.4
Fighting       | 4 5 6 8 9 |  9.1
Armour         | 3 4 5 7 8 10 | 10.0
Dodging        | 3 4 5 |  5.0
Polearms       | |  0.8

Action                   |  1- 3 |  4- 6 |  7- 9 | 10-12 || total
-------------------------+-------+-------+-------+-------++-------
Melee: Hand axe          |    96 |    61 |       |       ||   157
       Headbutt          |     5 |    20 |    43 |     9 ||    77
       War axe           |       |    54 |   236 |    65 ||   355
       Peck              |       |       |    27 |    15 ||    42
       Trident           |       |       |     7 |       ||     7
Invok: Berserk           |       |     2 |     3 |     1 ||     6
       Burn Spellbooks   |       |       |     1 |     1 ||     2
       Trog's Hand       |       |       |       |     2 ||     2
  Use: Scroll            |     5 |     3 |    12 |     1 ||    21
       Potion            |     5 |     1 |     5 |     4 ||    15
  Eat: Chunk             |     2 |     6 |    14 |     4 ||    26
       Fruit             |       |       |     1 |       ||     1
       Pizza             |       |       |     1 |       ||     1
Armor: Animal skin       |     5 |       |       |       ||     5
       Ring mail         |    26 |    36 |       |       ||    62
       Chain mail        |       |    18 |   128 |       ||   146
       Plate armour      |       |       |    62 |    37 ||    99
Dodge: Dodged            |    61 |    62 |   127 |    31 ||   281
